 Dungeon Crawl Stone Soup version 0.21.1-1-g345015f (webtiles) character file.

2440 johnjohn the Cleaver (level 9, -1/83 HPs)
             Began as a Hill Orc Fighter on May 15, 2018.
             Was a Priest of Nemelex Xobeh.
             Killed from afar by kirsanium's ghost (11 damage)
             ... with a flame tongue
             ... on level 8 of the Dungeon.
             The game lasted 00:31:41 (6820 turns).

johnjohn the Cleaver (Hill Orc Fighter)             Turns: 6820, Time: 00:31:46

Health: -1/83      AC: 12    Str: 23    XL:     9   Next: 49%
Magic:  9/9        EV:  7    Int:  8    God:    Nemelex Xobeh [***...]
Gold:   259        SH: 10    Dex: 13    Spells: 8/8 levels left

rFire    . . .     SeeInvis .   a - +0 war axe
rCold    + . .     Gourm    .   r - +0 shield
rNeg     . . .     Faith    .   B - +0 scale mail
rPois    .         Spirit   .   u - +0 helmet
rElec    .         Reflect  .   (no cloak)
rCorr    .         Harm     .   A - +0 pair of gloves
MR       .....                  H - +2 pair of boots
Stlth    ..........             w - amulet of rage
HPRegen  0.23/turn              k - +4 ring of strength
MPRegen  0.11/turn              n - ring of protection from cold

@: lethally poisoned (-1 -> -6)
A: no striking features
a: Triple Draw, Renounce Religion, Evoke Berserk Rage


You were on level 8 of the Dungeon.
You worshipped Nemelex Xobeh.
Nemelex Xobeh was most pleased with you.
You were not hungry.

You visited 1 branch of the dungeon, and saw 8 of its levels.

You collected 259 gold pieces.

Inventory:

Hand Weapons
 a - a +0 war axe (weapon)
Armour
 r - a +0 shield (worn)
 u - a +0 helmet (worn)
 A - a +0 pair of gloves (worn)
 B - a +0 scale mail (worn)
 H - a +2 pair of boots (worn)
Jewellery
 g - an uncursed ring of ice
 k - a +4 ring of strength (left hand)
 l - an uncursed ring of fire
 n - a ring of protection from cold (right hand)
 w - an amulet of rage (around neck)
Wands
 o - a wand of acid (8)
 y - a wand of polymorph (15)
Scrolls
 e - 6 scrolls of identify
 j - 2 scrolls of random uselessness
 t - a scroll of enchant armour {unknown}
 D - 3 scrolls of teleportation
Potions
 b - a potion of mutation {unknown}
 c - a potion of degeneration {unknown}
 d - a potion of might
 i - a potion of flight
 m - 4 potions of brilliance
 p - 2 potions of curing
 v - 3 potions of agility
 z - a potion of lignification
 E - a potion of magic {unknown}
 G - a potion of invisibility {unknown}
Books
 I - a book of Maledictions

   Spells                             Type                      Level
   a - Corona                         Hexes                        1
   b - Ensorcelled Hibernation        Hexes/Ice                    2
   c - Confuse                        Hexes                        3
   d - Tukima's Dance                 Hexes                        3
   e - Dazzling Spray                 Conjuration/Hexes            3
Miscellaneous
 q - a plain deck of summoning {drawn: 8}
 x - a plain deck of summoning
 C - an ornate deck of summoning
 F - an ornate deck of escape {drawn: 1}
Comestibles
 f - 8 rations


   Skills:
 + Level 9.2 Fighting
 * Level 12.9 Axes
 - Level 3.6 Armour
 - Level 3.6 Shields


You had 8 spell levels left.
You didn't know any spells.

Dungeon Overview and Level Annotations

Branches:
Dungeon (8/15)             Temple (0/1) D:7
   Lair: D:8-11

Altars:
Ashenzari
Elyvilon
Fedhas
Gozag
Hepliaklqana
Nemelex Xobeh
Trog
Uskayaw
Xom
Yredelemnul
Zin
The Shining One

Shops:
D:4 *

Annotations:
D:8 Erica; kirsanium's ghost, novice DrFE


Message History

You closely miss something. You closely miss kirsanium's ghost.
You feel sick.
You hear some strange, mumbled words.
Something tries to affect you, but you resist.
Kirsanium's ghost hits you but does no damage.
You closely miss something. You barely miss kirsanium's ghost.
Something hits you! Something burns you. You block kirsanium's ghost's attack.
You draw a card...
It is the Tomb.
Walls emerge from the floor!
You feel sick. You block something's attack.
Kirsanium's ghost casts a spell at you. The puff of flame hits you!
* * * LOW HITPOINT WARNING * * *
As you read the scroll of fear, it crumbles to dust.
You assume a fearsome visage.
The scorpion looks frightened!
Your hand axe of venom is unaffected.
Kirsanium's ghost is unaffected.
You feel sick.
Your hand axe of venom disappears in a puff of smoke!
Kirsanium's ghost points at you and mumbles some strange words.
The flame tongue hits you!
You die...
Your body glows with a rainbow of weird colours and disappears.

# ######### .#
#...../.##..
#.!.......
#....####
#....ยง@<#
#....#W#.....#
#.............#
#....(.........
#####..........
#.s........
...........
.#..........


You could see a scorpion (fleeing) and kirsanium's ghost.

Vanquished Creatures
  A wyvern (D:7)
  Edmund (D:4)
  2 black bears (D:7)
  A sky beast (D:8)
  An orc warrior (D:6)
  2 phantoms (D:5)
  An ogre (D:6)
  2 centaurs
  5 scorpions
  A killer bee (D:7)
  7 crimson imps
  Crazy Yiuf (D:7)
  A jelly (D:7)
  A hound (D:5)
  Jessica (D:3)
  3 iguanas
  2 orc wizards
  5 worker ants
  2 hound zombies
  A worker ant zombie (D:6)
  7 adders
  A shadow imp (D:7)
  2 oozes (D:5)
  2 adder skeletons
  An adder zombie (D:7)
  2 worms
  3 dart slugs
  3 leopard geckos
  20 orcs
  18 bats
  4 giant cockroaches
  6 goblins
  10 hobgoblins
  20 jackals
  9 kobolds
  4 quokkas
  2 ball pythons
  A frilled lizard (D:3)
  A leopard gecko skeleton (D:6)
  A quokka zombie (D:8)
  4 rats
162 creatures vanquished.

Vanquished Creatures (collateral kills)
  The ghost of eeldvark the Ducker, an amateur GnMo of Wu Jian (D:4)
  A sky beast (D:6)
  An ogre (D:4)
  2 killer bees (D:7)
5 creatures vanquished.

Vanquished Creatures (others)
  A hound (D:8)
1 creature vanquished.

Grand Total: 168 creatures vanquished

Notes
Turn   | Place    | Note
-------+----------+-------------------------------------------
     0 | D:1      | johnjohn the Hill Orc Fighter began the quest for the Orb.
     0 | D:1      | Reached XP level 1. HP: 19/19 MP: 1/1
   155 | D:1      | Reached XP level 2. HP: 25/27 MP: 2/2
   250 | D:1      | Reached skill level 3 in Axes
   329 | D:1      | Reached XP level 3. HP: 29/33 MP: 3/3
   883 | D:2      | Reached skill level 4 in Axes
   936 | D:2      | Found a sparkling altar of Nemelex Xobeh.
   940 | D:2      | Became a worshipper of Nemelex Xobeh the Trickster
   994 | D:2      | Reached XP level 4. HP: 40/40 MP: 4/4
  1088 | D:2      | Found a hazy altar of Hepliaklqana.
  1252 | D:2      | Received a gift from Nemelex Xobeh
  1376 | D:3      | Reached skill level 5 in Axes
  1376 | D:3      | Reached XP level 5. HP: 37/47 MP: 5/5
  1473 | D:3      | Found a shimmering altar of Xom.
  1545 | D:3      | Reached skill level 6 in Axes
  1561 | D:3      | Reached skill level 5 in Fighting
  1561 | D:3      | Reached XP level 6. HP: 50/56 MP: 6/6
  1646 | D:3      | Reached * piety under Nemelex Xobeh
  1819 | D:3      | Reached skill level 7 in Axes
  1828 | D:3      | Noticed Jessica
  1899 | D:3      | Killed Jessica
  2366 | D:4      | Received a gift from Nemelex Xobeh
  2390 | D:4      | Noticed eeldvark's ghost (amateur GnMo)
  2410 | D:4      | Killed eeldvark's ghost
  2410 | D:4      | Reached XP level 7. HP: 18/62 MP: 7/7
  2705 | D:4      | Noticed Edmund
  2725 | D:4      | Killed Edmund
  2725 | D:4      | Reached skill level 8 in Axes
  2906 | D:4      | Found Dugonwaesh's General Store.
  3243 | D:4      | Found a glowing silver altar of Zin.
  3313 | D:5      | Entered Level 5 of the Dungeon
  3315 | D:5      | Reached ** piety under Nemelex Xobeh
  3514 | D:5      | Reached skill level 9 in Axes
  3602 | D:5      | Found a blossoming altar of Fedhas.
  3651 | D:5      | Reached XP level 8. HP: 71/71 MP: 8/8
  3720 | D:5      | Found a shattered altar of Ashenzari.
  3723 | D:5      | Found an opulent altar of Gozag.
  3935 | D:5      | Found a white marble altar of Elyvilon.
  4099 | D:5      | Reached skill level 10 in Axes
  4855 | D:6      | Found a basalt altar of Yredelemnul.
  4963 | D:6      | Reached skill level 11 in Axes
  4994 | D:6      | Received a gift from Nemelex Xobeh
  5055 | D:6      | Reached *** piety under Nemelex Xobeh
  5598 | D:7      | Reached XP level 9. HP: 59/82 MP: 9/9
  5694 | D:7      | Found a bloodstained altar of Trog.
  5747 | D:7      | Found a glowing golden altar of the Shining One.
  5891 | D:7      | Reached skill level 12 in Axes
  6177 | D:7      | Found a hide-covered altar of Uskayaw.
  6220 | D:7      | Received a gift from Nemelex Xobeh
  6320 | D:7      | Found a staircase to the Ecumenical Temple.
  6462 | D:7      | Found a runed door.
  6730 | D:7      | Noticed Crazy Yiuf
  6737 | D:7      | Killed Crazy Yiuf
  6793 | D:8      | Noticed Erica
  6808 | D:8      | Noticed kirsanium's ghost (novice DrFE)
  6820 | D:8      | Killed from afar by kirsanium's ghost

Skill      XL: |  1  2  3  4  5  6  7  8  9 |
---------------+----------------------------+-----
Axes           | 3 4 5 6 7 9 11 12 | 12.9
Fighting       | 4 5 6 8 9 |  9.2
Armour         | |  3.6
Shields        | |  3.6

Action                   |  1- 3 |  4- 6 |  7- 9 || total
-------------------------+-------+-------+-------++-------
Melee: War axe           |   104 |   147 |   322 ||   573
 Abil: Evoke Berserk Rag |       |       |     1 ||     1
Evoke: Deck              |       |     2 |     7 ||     9
  Use: Scroll            |       |     1 |    12 ||    13
       Potion            |       |       |     2 ||     2
 Stab: Distracted        |       |       |     1 ||     1
  Eat: Chunk             |       |     3 |     4 ||     7
       Ration            |       |     1 |     3 ||     4
Armor: Scale mail        |    66 |    78 |   107 ||   251
Dodge: Dodged            |    34 |    55 |    81 ||   170
Block: Shield            |    75 |    58 |   129 ||   262
